 Dungeon Crawl Stone Soup version 0.20.0-8-g6b59dc7 (webtiles) character file.

826 Minion the Slinger (level 8, -2/49 HPs)
             Began as a Halfling Hunter on May 30, 2017.
             Was a Believer of Ashenzari.
             Shot with an arrow by a centaur (4 damage)
             ... on level 4 of the Dungeon.
             The game lasted 00:10:26 (4663 turns).

Minion the Slinger (Halfling Hunter)                Turns: 4663, Time: 00:10:27

Health: -2/49      AC:  3    Str: 13    XL:     8   Next: 17%
Magic:  8/8        EV: 16    Int:  9    God:    Ashenzari [**....]
Gold:   255        SH:  0    Dex: 17    Spells: 7/7 levels left

rFire    . . .     SeeInvis .   a - +1 hunting sling (curse)
rCold    . . .     Gourm    .   (shield restricted)
rNeg     . . .     Faith    .   c - +0 leather armour
rPois    .         Spirit   .   (no helmet)
rElec    .         Reflect  .   (no cloak)
rCorr    .         Harm     .   (no gloves)
MR       +....                  (no boots)
Stlth    ++........             (no amulet)
Regen    0.2/turn               i - ring of protection from magic
MPRegen  0.2/turn               u - ring of wizardry

@: no status effects
A: mutation resistance 1
a: Curse Item, Scrying, Renounce Religion


You were on level 4 of the Dungeon.
You worshipped Ashenzari.
Ashenzari was pleased with you.
You were not hungry.

You visited 1 branch of the dungeon, and saw 5 of its levels.

You collected 255 gold pieces.

Inventory:

Hand Weapons
 a - a cursed +1 hunting sling (weapon)
 b - a +0 short sword
 v - a +1 hunting sling of freezing
Missiles
 d - 73 sling bullets
 h - 54 stones (quivered)
Armour
 c - a +0 leather armour (worn)
Jewellery
 i - a ring of protection from magic (left hand)
 u - a ring of wizardry (right hand)
Wands
 q - a wand of acid (9/15)
Scrolls
 g - a scroll of recharging {unknown}
 m - 4 scrolls of teleportation {unknown}
 o - 3 scrolls of identify {unknown}
 t - a scroll of noise {unknown}
 x - 3 scrolls of enchant weapon {unknown}
 y - a scroll of magic mapping {unknown}
 z - a scroll of fog {unknown}
 A - a scroll of random uselessness {unknown}
Potions
 e - a potion of flight {unknown}
 j - 2 potions of invisibility {unknown}
 l - a potion of berserk rage {unknown}
 p - 4 potions of curing {unknown}
 r - a potion of heal wounds {unknown}
 s - 3 potions of might {unknown}
 w - a potion of cancellation {unknown}
 C - a potion of degeneration {unknown}
Comestibles
 f - 2 bread rations
 k - 13 fruits
 n - a meat ration


   Skills:
 - Level 1.7 Fighting
 + Level 11.9(13.9) Slings
 + Level 3.0 Armour
 + Level 3.8 Dodging
 - Level 1.1 Stealth


You had 7 spell levels left.
You didn't know any spells.

Dungeon Overview and Level Annotations

Branches:
Dungeon (5/15)             Temple (0/1) D:4

Altars:
Ashenzari
Makhleb
Okawaru
Ru
Uskayaw

Annotations:
D:2 1 runed door


Innate Abilities, Weirdness & Mutations

You are small and have problems with some larger weapons.
You are somewhat resistant to further mutation.


Message History

Firing (i - inventory. (,) - cycle):
h - 57 stones (quivered)
Press: ? - help, Shift-Dir - straight line, f/p - centaur
Aim: a centaur, wielding a shortbow (almost dead)
You shoot a stone.
The stone hits the centaur but does no damage.
The centaur is almost dead.
The centaur shoots an arrow.
The arrow hits you.
* * * LOW HITPOINT WARNING * * *
Firing (i - inventory. (,) - cycle):
h - 56 stones (quivered)
Press: ? - help, Shift-Dir - straight line, f/p - centaur
Aim: a centaur, wielding a shortbow (almost dead)
You shoot a stone.
The stone hits the centaur but does no damage.
The centaur is almost dead.
Firing (i - inventory. (,) - cycle):
h - 55 stones (quivered)
Press: ? - help, Shift-Dir - straight line, f/p - centaur
Aim: a centaur, wielding a shortbow (almost dead)
You shoot a stone. The stone barely misses the centaur.
The centaur shoots an arrow.
The arrow hits you.
You die...

#..# ##.....## #.##
##....## #.#
##..#...##### ### ###
##{(((.....#.. ..#
### #............#
#.#####
#.#####...........##
.≈§≈..#
#....(c...........#
≈≈§≈≈.##
#....##...........#
§≈≈≈≈≈.#
##.@###...........#
≈≈>≈§§.# #(.#
##....####..#
≈§≈≈≈≈.# #.##
#..#####...# ≈≈§≈≈.[#
##.# #.....#...##
.§§≈...# #..#
#.......### ###.##.#
#..# ##.####..#
#....#######..# ##..#
#..#
####..........###..##
#..#
########....##..#
#..#


You could see a centaur.

Vanquished Creatures
  Grinder (D:3)
  Eustachio (D:4)
  A hound (D:4)
  4 orc priests (D:5)
  A jelly (D:4)
  Natasha (thrice) (D:2)
  An orc wizard (D:3)
  Robin (D:5)
  4 gnolls (D:2)
  7 adders
  An ooze (D:2)
  A worm (D:5)
  2 dart slugs
  A leopard gecko (D:4)
  6 orcs (D:5)
  4 giant cockroaches
  15 hobgoblins
  2 jackals (D:3)
  2 quokkas (D:2)
  A ball python (D:2)
  5 bats
  11 frilled lizards
  16 goblins
  7 kobolds
  6 rats
104 creatures vanquished.

Notes
Turn   | Place    | Note
-------+----------+-------------------------------------------
     0 | D:1      | Minion the Halfling Hunter began the quest for the Orb.
     0 | D:1      | Reached XP level 1. HP: 14/14 MP: 1/1
    32 | D:1      | Reached skill level 6 in Slings
    84 | D:1      | Reached XP level 2. HP: 19/19 MP: 2/2
   422 | D:1      | Reached skill level 7 in Slings
   422 | D:1      | Reached XP level 3. HP: 24/24 MP: 3/3
  1131 | D:2      | Noticed Natasha
  1134 | D:2      | Killed Natasha
  1134 | D:2      | Reached XP level 4. HP: 29/29 MP: 4/4
  1215 | D:2      | Reached skill level 8 in Slings
  1218 | D:2      | Found a hide-covered altar of Uskayaw.
  1249 | D:2      | Noticed Natasha
  1252 | D:2      | Killed Natasha
  1255 | D:2      | Reached XP level 5. HP: 27/34 MP: 5/5
  1263 | D:2      | Reached skill level 9 in Slings
  1293 | D:2      | Noticed Natasha
  1296 | D:2      | Killed Natasha
  1546 | D:2      | Found a runed door.
  1626 | D:2      | Found a faded altar of an unknown god.
  1633 | D:2      | Became a worshipper of Ashenzari the Shackled
  1633 | D:2      | Reached * piety under Ashenzari
  1980 | D:3      | Found a sacrificial altar of Ru.
  1993 | D:3      | Reached XP level 6. HP: 39/39 MP: 6/6
  2128 | D:3      | Noticed Grinder
  2145 | D:3      | Killed Grinder
  2145 | D:3      | Reached skill level 11 in Slings
  2145 | D:3      | Reached XP level 7. HP: 44/44 MP: 7/7
  2299 | D:3      | Found an iron altar of Okawaru.
  2900 | D:4      | Reached ** piety under Ashenzari
  2932 | D:4      | Found a burning altar of Makhleb.
  2938 | D:4      | Reached skill level 1 in Armour
  3066 | D:4      | Noticed Robin
  3102 | D:5      | Entered Level 5 of the Dungeon
  3475 | D:5      | Killed Robin
  4211 | D:4      | Noticed Eustachio
  4237 | D:4      | Killed Eustachio
  4237 | D:4      | Reached XP level 8. HP: 41/49 MP: 8/8
  4423 | D:4      | Found a staircase to the Ecumenical Temple.
  4661 | D:4      | HP: 1/49 [centaur/arrow (3)]
  4663 | D:4      | Shot with an arrow by a centaur

Skill      XL: |  1  2  3  4  5  6  7  8 |
---------------+-------------------------+-----
Slings         | 6 7 8 9 11 | 11.9
Armour         | 2 3 |  3.0
Dodging        | 3 |  3.8
Fighting       | |  1.7
Stealth        | |  1.1

Action                   |  1- 3 |  4- 6 |  7- 9 || total
-------------------------+-------+-------+-------++-------
 Fire: Hunting sling     |    59 |   117 |   204 ||   380
Invok: Curse Item        |       |     1 |       ||     1
  Use: Scroll            |     2 |       |       ||     2
  Eat: Chunk             |       |     3 |     8 ||    11
Armor: Leather armour    |     1 |     1 |     6 ||     8
Dodge: Dodged            |     5 |     5 |    50 ||    60
